 Dungeon Crawl Stone Soup version 0.27.1 (webtiles) character file.

Game seed: 757804564394363617

14 quinnr the Gusty (level 2, 0/15 HPs)
             Began as a Tengu Air Elementalist on Aug 23, 2021.
             Slain by a giant cockroach (1 damage)
             ... on level 2 of the Dungeon.
             The game lasted 00:02:30 (391 turns).

quinnr the Gusty (Tengu Air Elementalist)            Turns: 391, Time: 00:02:30

Health: 0/15       AC:  2    Str:  8    XL:     2   Next: 41%
Magic:  2/6        EV: 12    Int: 15    God:
Gold:   15         SH:  0    Dex: 14    Spells: 4/5 levels left

rFire    . . .     SeeInvis .   (no weapon)
rCold    . . .     Faith    .   (no shield)
rNeg     . . .     Spirit   .   a - +0 robe
rPois    .         Reflect  .   (helmet restricted)
rElec    .         Harm     .   (no cloak)
rCorr    .         Rampage  .   (no gloves)
Will     .....                  (boots unavailable)
Stlth    ++........             (no amulet)
HPRegen  0.05/turn              (no ring)
MPRegen  0.10/turn              (no ring)

@: slowed, very slow
A: beak, talons 3
a: no special abilities


You were on level 2 of the Dungeon.
You visited 1 branch of the dungeon, and saw 2 of its levels.

You collected 15 gold pieces.

Inventory:

Armour
 a - a +0 robe (worn)


   Skills:
 - Level 2.1 Dodging
 - Level 2.0 Stealth
 - Level 2.0 Spellcasting
 - Level 1.3 Conjurations
 + Level 5.0 Air Magic


You had 4 spell levels left.
You knew the following spells:

 Your Spells              Type           Power      Damage    Failure   Level
a - Shock                 Conj/Air       44%        1d5       6%          1

Your spell library contained the following spells:

 Spells                   Type           Power      Damage    Failure   Level
 Static Discharge         Conj/Air       11%        N/A       9%          2
 Swiftness                Air            16%        N/A       9%          3
 Airstrike                Air            8%         N/A       28%         4


Dungeon Overview and Level Annotations

Branches:
Dungeon (1/15)

Altars:

Annotations:
D:1 1 runed translucent door
D:2 Jessica


Innate Abilities, Weirdness & Mutations

You have a beak for a mouth.
You have claws for feet.


Message History

The kobold hits you with a +0 short sword.
* * * LOW HITPOINT WARNING * * *
Unknown command.
The kobold hits you but does no damage.
Casting: Shock (safe; 6% risk of failure)
Confirm with . or Enter, or press ? or * to list all spells.
Aiming: Shock (safe; 6% risk of failure)
Press: ? - help, Shift-Dir - straight line, f - Jessica
Aim: Jessica, wielding a +0 dagger and wearing a +1 robe of willpower (68% to hit)
You miscast Shock.
You are very lightly contaminated with residual magic.
Nothing appears to happen.
The kobold barely misses you.
Unknown command.
You see here a scroll labelled ZEAZOF FOTET.
As you read the scroll labelled ZEAZOF FOTET, it crumbles to dust.
It is a scroll of enchant weapon.
You aren't carrying any weapons that can be enchanted.
The kobold misses you. The kobold closely misses you.
Your magical contamination has completely faded away.
The kobold closely misses you.
Jessica shouts, "You're disturbing me!
I'll have to kill you!"
Found a falchion.
Jessica gestures at you while chanting.
You feel yourself slow down.
A giant cockroach comes into view.
Jessica points at you and mumbles some strange words.
You feel as though you will be slow longer.
Unknown command.
The kobold barely misses you. Jessica gestures at you while chanting.
You feel as though you will be slow longer.
The kobold misses you.
Found an escape hatch in the ceiling.
The giant cockroach bites you but does no damage.
The giant cockroach bites you.
* * * LOW HITPOINT WARNING * * *
Jessica gestures wildly while chanting.
Jessica blinks!
The kobold closely misses you. The giant cockroach bites you.
You die...

#..........#
#..........######.....#
#..........#..........#
#............## .....#
#.............###.....#
##............@.........
#.†.†...........#....#
#######......§.K...#.
#........B@).#
#.........#..#
#..^>....###...#
#.......## #...<.
#......## #.... ###..#
#... #.# #.. ## #.


You could see Jessica, a giant cockroach and a kobold.

Vanquished Creatures
  An adder (D:2)
  A giant cockroach (D:1)
  A goblin (D:1)
  2 ball pythons (D:1)
  A bat (D:2)
6 creatures vanquished.

Notes
Turn   | Place    | Note
-------+----------+-------------------------------------------
     0 | D:1      | quinnr the Tengu Air Elementalist began the quest for the
                  | Orb.
     0 | D:1      | Reached XP level 1. HP: 10/10 MP: 4/4
     1 | D:1      | Found a runed translucent door.
   344 | D:1      | You fall into a shaft and drop 1 floor!
   357 | D:2      | Reached skill level 5 in Air Magic
   357 | D:2      | Reached XP level 2. HP: 8/15 MP: 0/6
   367 | D:2      | Noticed Jessica
   368 | D:2      | HP: 1/15 [kobold (3)]
   390 | D:2      | HP: 1/15 [giant cockroach (1)]
   391 | D:2      | Slain by a giant cockroach

Illustrated notes

Levels and vault maps discovered:
D:1:      dpeg_arrival_caged_fury, layout_loops_cross, serial_shops,
          nicolae_shop_overgrown_old_shop, nrook_uturn, minmay_misc_feat_cross,
          grunt_decor_fettered
D:2:      minmay_alternating_diamond, layout_rooms, minmay_misc_feat_five,
          uniq_terence, uniq_crazy_yiuf_cottage, uniq_jessica

Skill      XL: |  1 |
---------------+----+-----
Air Magic      | 5 |  5.0
Dodging        | |  2.1
Stealth        | |  2.0
Spellcasting   | |  2.0
Conjurations   | |  1.3

Action                   || total
-------------------------++-------
Melee: Unarmed           ||     6
       Kick              ||     1
 Cast: Shock             ||    13
  Use: Scroll            ||     1
Armor: Robe              ||     8
Dodge: Dodged            ||    17
